 Dungeon Crawl Stone Soup version 0.27-b1-16-g6517624069 (webtiles) character file.

Game seed: 14748887199625116934

12952 comborobin the Basher (level 11, -1/89 HPs)
             Began as a Palentonga Fire Elementalist on July 27, 2021.
             Was a High Priest of Okawaru.
             Slain by a sixfirhy (10 damage)
             ... summoned by an obsidian statue
             ... in a volcano.
             The game lasted 00:47:33 (15575 turns).

comborobin the Basher (PaFE)                       Turns: 15575, Time: 00:47:34

Health: -1/89      AC: 11    Str: 14    XL:     11   Next: 69%
Magic:  13/14      EV: 12    Int: 16    God:    Okawaru [*****.]
Gold:   285        SH:  0    Dex: 11    Spells: 8/14 levels left

rFire    + . .     SeeInvis +   e - +0 dire flail
rCold    . . .     Faith    .   (shield currently unavailable)
rNeg     . . .     Spirit   .   G - +0 swamp dragon scales
rPois    +         Reflect  .   (no helmet)
rElec    .         Harm     .   v - +1 cloak
rCorr    .         Rampage  .   (no gloves)
Will     .....                  (no barding)
Stlth    ++........             (no amulet)
HPRegen  0.24/turn              D - +4 ring of protection
MPRegen  0.14/turn              z - ring of protection from fire

@: heroic, corroded, mesmerised, curled up
A: large, rugged brown scales 3, see invisible, deformed body, roll 1, armoured
tail, reflexive curl
a: Rolling Charge, Renounce Religion, Heroism, Finesse


You were in a volcano.
You worshipped Okawaru.
Okawaru was extremely pleased with you.
You visited 3 branches of the dungeon, and saw 12 of its levels.
You also visited: Volcano.

You collected 610 gold pieces.
You spent 325 gold pieces at shops.

Inventory:

Hand Weapons
 a - a +4 whip of electrocution
 e - a +0 dire flail (weapon)
 A - a +0 morningstar
 B - a +2 flail of holy wrath
 H - a +0 halberd of flaming
Missiles
 b - 162 arrows
 j - 18 poisoned darts
 r - a curare-tipped dart
 t - 5 atropa-tipped darts
Armour
 k - a +1 ring mail of cold resistance
 l - +0 ice dragon scales
 v - a +1 cloak (worn)
 G - +0 swamp dragon scales (worn)
Magical Staves
 f - a staff of fire
Jewellery
 m - a +6 ring of intelligence
 u - a +4 ring of protection
 z - a ring of protection from fire (right hand)
 D - a +4 ring of protection (left hand)
 J - a ring of magical power
Wands
 y - a wand of iceblast (1)
 F - a wand of polymorph (9)
Scrolls
 c - 3 scrolls of magic mapping {unknown}
 d - a scroll of torment {unknown}
 g - 3 scrolls of teleportation
 h - a scroll of acquirement {unknown}
 n - 2 scrolls of blinking
 p - 5 scrolls of identify
 E - a scroll of amnesia
 I - 4 scrolls of brand weapon {unknown}
 L - a scroll of silence {unknown}
Potions
 i - 2 potions of lignification
 o - a potion of magic
 q - 5 potions of curing
 s - 3 potions of flight
 w - a potion of resistance
 x - a potion of brilliance
 K - a potion of attraction


   Skills:
 - Level 7.0(12.0) Fighting
 - Level 12.0(17.0) Maces & Flails
 - Level 7.0(12.0) Armour
 + Level 6.1(11.1) Dodging
 - Level 1.2(6.2) Stealth
 - Level 2.1 Spellcasting
 - Level 1.1 Conjurations
 - Level 2.4 Fire Magic
 - Level 5.3 Invocations
 - Level 3.0 Evocations


You had 8 spell levels left.
You knew the following spells:

 Your Spells              Type           Power      Damage    Failure   Level
a - Foxfire               Conj/Fire      28%        2x1d5     17%         1
b - Conjure Flame         Conj/Fire      7%         6-21      45%         3
c - Passwall              Tmut/Erth      0%         N/A       45%         2

Your spell library contained the following spells:

 Spells                   Type           Power      Damage    Failure   Level
 Corona                   Hex            1%         N/A       34%         1
 Ensorcelled Hibernation  Hex/Ice        2%         N/A       45%         2
 Inner Flame              Hex/Fire       5%         N/A       54%         3
 Call Canine Familiar     Summ           1%         N/A       71%         3
 Portal Projectile        Hex/Tloc       2%         N/A       71%         3
 Swiftness                Air            1%         N/A       71%         3
 Tukima's Dance           Hex            1%         N/A       71%         3
 Sticky Flame             Conj/Fire      7%         2d3       86%         4
 Leda's Liquefaction      Hex/Erth       0%         N/A       98%         4
 Fireball                 Conj/Fire      3%         3d4       99%         5
 Invisibility             Hex            0%         N/A       100%        6


Dungeon Overview and Level Annotations

Branches:
Dungeon (10/15)            Temple (1/1) D:7            Lair (1/6) D:10
    Orc (0/2) D:10        Volcano (1/1)

Altars:
Ashenzari
Cheibriados
Dithmenos
Elyvilon
Fedhas
Gozag
Hepliaklqana
Kikubaaqudgha
Makhleb
Nemelex Xobeh
Okawaru
Qazlal
Ru
Sif Muna
Trog
Uskayaw
Vehumet
Wu Jian
Xom
Yredelemnul
Zin
The Shining One

Shops:
D:6 =

Annotations:
D:3 2 transporters, Ekaitz's ghost, amateur DsEE
D:4 2 transporters Volcano exclusion: obsidian statue


Innate Abilities, Weirdness & Mutations

You are completely covered in rugged brown scales. (AC +3, +7% HP)
You have supernaturally acute eyesight. (SInv)
Armour fits poorly on your strangely shaped body.
You can roll at nearby foes to attack.
You have a long armoured tail.
You curl defensively after being hit.


Message History

The sixfirhy closely misses you. The rust devil hits you.
The rust devil corrodes you!
Unknown command.
You hit the obsidian statue but do no damage.
The obsidian statue is heavily damaged.
You are covered in liquid flames!
The rust devil closely misses you.
Unknown command.
You hit the obsidian statue but do no damage.
The obsidian statue is heavily damaged.
You are covered in liquid flames!
Unknown command.
You hit the obsidian statue but do no damage.
The obsidian statue is heavily damaged.
The smoke demon completely misses you.
The smoke demon hits you but does no damage. x2
The rust devil hits you. The rust devil corrodes you!
Unknown command.
You hit the obsidian statue but do no damage.
The obsidian statue is heavily damaged.
The sixfirhy hits you but does no damage.
The smoke demon hits you. The smoke demon misses you.
The smoke demon barely misses you.
The sixfirhy hits you but does no damage.
Unknown command.
You hit the obsidian statue but do no damage.
The obsidian statue is heavily damaged.
The sixfirhy hits you. The sixfirhy shocks you! The rust devil hits you.
The rust devil corrodes you! The sixfirhy hits you. The sixfirhy shocks you!
* * * LOW HITPOINT WARNING * * *
The obsidian statue's eyes glow briefly.
The obsidian statue draws you further into its thrall.
You hit the obsidian statue but do no damage.
The obsidian statue is heavily damaged.
The sixfirhy hits you!
* * * LOW HITPOINT WARNING * * *
The sixfirhy shocks you!
* * * LOW HITPOINT WARNING * * *
The sixfirhy hits you!
You die...

######### #$.38..$#
≈≈≈≈§§§ #$.3@§.$#
.≈≈≈§≈≈§§ #$.4...$#
§.≈≈≈≈≈§≈ #![...[!#
...§≈≈§≈ #)!...!?#
#..§≈≈§§ #[)#.#)?#
###..≈≈≈≈§
####'#######8...§≈§§§
#........+.......≈§≈≈
#.......####8.....§≈≈
#.......# ####...§.≈


You could see an obsidian statue (mesmerising), a rust devil (summoned), a
sixfirhy (summoned) and a smoke demon (summoned).

Vanquished Creatures
  A fire dragon (Volcano)
  A centaur warrior (D:10)
  2 two-headed ogres
  Pikel (D:5)
  A lindwurm (Volcano)
  2 gargoyles (D:10)
  Maggie (D:7)
  A kobold demonologist (D:10)
  A troll (D:10)
  2 hornets (D:8)
  A wraith (D:9)
  3 fire bats (Volcano)
  A wyvern (D:7)
  13 yaks
  A steam dragon (D:9)
  4 vampire mosquitoes (D:10)
  A water moccasin (D:6)
  An acid dragon (D:9)
  3 hell hounds (Volcano)
  An orc warrior (D:10)
  2 black bears
  An ogre (D:10)
  2 necrophages
  A centaur (D:10)
  2 phantoms (D:5)
  3 kobold brigands (D:10)
  2 bullfrogs
  A scorpion (D:7)
  A wyvern zombie (D:4)
  4 gnoll sergeants (D:10)
  A water moccasin skeleton (D:6)
  7 killer bees (D:9)
  3 wights (D:8)
  5 howler monkeys
  5 lava snakes (Volcano)
  3 centaur zombies
  A hound (D:7)
  A gnoll shaman (D:3)
  4 orc priests
  11 orc wizards
  2 iguanas
  Natasha (thrice) (D:2)
  A killer bee zombie (D:7)
  A howler monkey zombie (D:9)
  4 adders
  11 gnolls
  A shadow imp (D:6)
  3 white imps
  2 ufetubi
  3 worms
  6 dart slugs
  25 orcs
  12 endoplasms
  2 giant cockroaches (D:3)
  3 goblins
  10 hobgoblins
  6 jackals
  5 kobolds
  3 quokkas
  2 ball pythons
  A bat (D:1)
  A frilled lizard (D:3)
  A jackal skeleton (D:4)
  4 rats
214 creatures vanquished.

Vanquished Creatures (collateral kills)
  2 ogres (D:10)
  A kobold brigand (D:10)
3 creatures vanquished.

Vanquished Creatures (others)
  285 foxfires
285 creatures vanquished.

Grand Total: 502 creatures vanquished

Notes
Turn   | Place    | Note
-------+----------+-------------------------------------------
     0 | D:1      | comborobin the Palentonga Fire Elementalist began the quest
                  | for the Orb.
     0 | D:1      | Reached XP level 1. HP: 13/13 MP: 3/3
   200 | D:1      | Reached skill level 1 in Fighting
   400 | D:2      | Reached XP level 2. HP: 23/23 MP: 0/5
  1185 | D:3      | Reached XP level 3. HP: 29/29 MP: 2/6
  1673 | D:2      | Learned a level 3 spell: Conjure Flame
  1836 | D:2      | Found a faded altar of an unknown god.
  1846 | D:2      | Reached skill level 1 in Conjurations
  1984 | D:2      | Noticed Natasha
  2013 | D:2      | Killed Natasha
  2014 | D:2      | Reached skill level 1 in Evocations
  2469 | D:2      | Reached XP level 4. HP: 23/37 MP: 7/7
  2644 | D:2      | Noticed Natasha
  2773 | D:2      | Killed Natasha
  2774 | D:2      | Reached skill level 1 in Maces & Flails
  2861 | D:2      | Noticed Natasha
  2873 | D:2      | Killed Natasha
  2874 | D:2      | Reached skill level 2 in Maces & Flails
  3079 | D:4      | Noticed a necrophage
  3090 | D:4      | Killed a necrophage
  3091 | D:4      | Reached skill level 3 in Maces & Flails
  3091 | D:4      | Reached XP level 5. HP: 40/43 MP: 3/8
  3115 | D:4      | Reached skill level 4 in Maces & Flails
  3115 | D:4      | Reached XP level 6. HP: 50/50 MP: 9/9
  3303 | D:4      | Reached skill level 5 in Maces & Flails
  3412 | D:4      | Found a transporter.
  3428 | D:4      | Found a transporter.
  3535 | D:4      | Found a sand-covered staircase.
  3617 | D:3      | Found a transporter.
  3618 | D:3      | Noticed Ekaitz's ghost (amateur DsEE)
  3905 | D:3      | Reached skill level 6 in Maces & Flails
  3911 | D:3      | Gained mutation: You curl defensively after being hit.
                  | [Palentonga growth]
  3911 | D:3      | Reached XP level 7. HP: 18/55 MP: 7/10
  4297 | D:3      | Found a transporter.
  5063 | D:5      | Entered Level 5 of the Dungeon
  5256 | D:5      | Found a sparkling altar of Nemelex Xobeh.
  5404 | D:5      | Reached skill level 7 in Maces & Flails
  5541 | D:5      | Noticed Pikel
  5575 | D:5      | Killed Pikel
  5576 | D:5      | Reached skill level 8 in Maces & Flails
  5576 | D:5      | Reached skill level 9 in Maces & Flails
  5576 | D:5      | Reached XP level 8. HP: 44/62 MP: 9/11
  6088 | D:6      | Reached skill level 1 in Armour
  6986 | D:6      | Reached XP level 9. HP: 62/70 MP: 12/12
  7368 | D:6      | Found Jothequ's Jewellery Shop.
  7711 | D:7      | Reached skill level 5 in Fighting
  7711 | D:7      | Reached skill level 10 in Maces & Flails
  7965 | D:7      | Noticed a two-headed ogre
  7976 | D:7      | Killed a two-headed ogre
  7978 | D:7      | Noticed Maggie
  8030 | D:6      | Bought a ring of protection from fire for 325 gold pieces
  8304 | D:7      | Killed Maggie
  8554 | D:7      | Found a staircase to the Ecumenical Temple.
  8568 | Temple   | Entered the Ecumenical Temple
  8696 | Temple   | Became a worshipper of Warmaster Okawaru
  9417 | D:8      | Paralysed by a hornet for 2 turns
  9426 | D:8      | HP: 4/112 [hornet (10)]
  9432 | D:8      | Reached XP level 10. HP: 17/82 MP: 13/13
 10208 | D:8      | Reached skill level 1 in Invocations
 10208 | D:8      | Reached * piety under Okawaru
 10713 | D:9      | Reached skill level 5 in Invocations
 11090 | D:9      | Reached skill level 11 in Maces & Flails
 11090 | D:9      | Reached skill level 5 in Armour
 11104 | D:9      | Reached ** piety under Okawaru
 12106 | D:10     | Entered Level 10 of the Dungeon
 12207 | D:10     | Noticed a two-headed ogre
 12209 | D:10     | Noticed a centaur warrior
 12214 | D:10     | Noticed a gargoyle
 12485 | D:9      | Killed a two-headed ogre
 12646 | D:10     | Killed a gargoyle
 12945 | D:10     | Killed a centaur warrior
 12945 | D:10     | Reached *** piety under Okawaru
 12945 | D:10     | Received a gift from Okawaru
 12946 | D:10     | Reached XP level 11. HP: 69/89 MP: 14/14
 13099 | D:10     | Found a staircase to the Lair.
 13504 | D:10     | Found a staircase to the Orcish Mines.
 13538 | D:10     | Reached **** piety under Okawaru
 13539 | D:10     | Reached skill level 12 in Maces & Flails
 14443 | Lair:1   | Entered Level 1 of the Lair of Beasts
 14450 | Lair:1   | Found a dark tunnel.
 14459 | Lair:1   | Learned a level 2 spell: Passwall
 14460 | Volcano  | Entered a volcano
 14486 | Volcano  | Reached skill level 5 in Dodging
 14814 | Volcano  | Noticed a fire dragon
 14923 | Volcano  | Found a burning altar of Makhleb.
 15295 | Volcano  | Killed a fire dragon
 15368 | Volcano  | Noticed an obsidian statue
 15368 | Volcano  | Noticed a lindwurm
 15478 | Volcano  | Killed a lindwurm
 15478 | Volcano  | Reached ***** piety under Okawaru
 15562 | Volcano  | Noticed a sixfirhy
 15575 | Volcano  | Slain by a sixfirhy

Illustrated notes

Levels and vault maps discovered:
D:1:      psy_arrival_radial01, layout_rooms
D:2:      layout_basic, chequers_ecumenical_altar_simple_redux,
          serial_park_tiny_pond, minmay_goblin_kobold_house, uniq_natasha
D:3:      layout_loops_ring, gammafunk_ghost_mausoleum
D:4:      gammafunk_wand_slinger, layout_loops_ring, enter_ossuary_1
D:5:      layout_loops_ring, overflow_temple_1_default, grunt_ministairs_15,
          chequers_avenue, uniq_pikel
D:6:      layout_loops_ring, serial_shops, nicolae_shop_waterfront
D:7:      layout_cave_pools, temple_doors_e, minmay_misc_feat_five, uniq_maggie
D:8:      layout_basic, minmay_misc_feat_more_columns
D:9:      layout_loops_corners, hangedman_abyss_or_decor_stabs
D:10:     layout_loops_ring, lair_entry_dummy,
          kennysheep_orc_monster_closet_entryway
Temple:   kilobyte_greek_temple
Lair:1:   layout_roguey, nicolae_volcano_entry_lava_flow, uniq_nergalle
Volcano:  volcano_grotto [vgs_statue_spotlight]

Skill      XL: |  1  2  3  4  5  6  7  8  9 10 11 |
---------------+----------------------------------+-----
Fighting       | 1 2 3 4 6 7 |  7.0
Conjurations   | 1 |  1.1
Evocations     | 1 3 |  3.0
Maces & Flails | 3 4 6 9 10 11 12 | 12.0
Armour         | 2 4 5 7 |  7.0
Invocations    | 5 |  5.3
Dodging        | 3 6 |  6.1
Stealth        | |  1.2
Spellcasting   | |  2.1
Fire Magic     | |  2.4

Action                   |  1- 3 |  4- 6 |  7- 9 | 10-12 || total
-------------------------+-------+-------+-------+-------++-------
Melee: Short sword       |     8 |       |       |       ||     8
       Unarmed           |     1 |     6 |       |       ||     7
       Staff             |     6 |       |       |       ||     6
       Whip              |    12 |    72 |   229 |   330 ||   643
       Tailslap          |     1 |     6 |    19 |    43 ||    69
       Flail             |       |       |       |     8 ||     8
       Dire flail        |       |       |       |    25 ||    25
       Punch             |       |       |       |     1 ||     1
 Cast: Foxfire           |    53 |    39 |    69 |     6 ||   167
       Conjure Flame     |       |       |     1 |       ||     1
Invok: Heroism           |       |       |       |     4 ||     4
 Abil: Rolling Charge    |       |       |       |     2 ||     2
Evoke: Wand              |       |       |     3 |    32 ||    35
  Use: Potion            |     3 |     5 |     4 |     2 ||    14
       Scroll            |       |     3 |     4 |     9 ||    16
 Stab: Sleeping          |       |     1 |     4 |       ||     5
       Paralysed         |       |       |       |     9 ||     9
Armor: Robe              |    11 |     9 |     9 |       ||    29
       Skin              |       |    18 |     5 |       ||    23
       Ring mail         |       |       |    30 |       ||    30
       Swamp dragon scal |       |       |    12 |   181 ||   193
Dodge: Dodged            |    20 |    13 |    68 |   128 ||   229
